 Dungeon Crawl Stone Soup version 0.25.0-9-g26727b657a (webtiles) character file.

Game seed: 13934080904839825476

14470 nikku the Warrior (level 11, -1/113 HPs)
             Began as a Minotaur Berserker on June 16, 2020.
             Was a High Priest of Trog.
             Slain by a fire crab (13 damage)
             ... in a Gauntlet.
             The game lasted 00:28:27 (11599 turns).

nikku the Warrior (Minotaur Berserker)             Turns: 11599, Time: 00:28:27

Health: -1/113     AC: 23    Str: 25    XL:     11   Next: 89%
Magic:  10/10      EV:  9    Int:  4    God:    Trog [*****.]
Gold:   749        SH:  5    Dex: 10    Spells: 10/10 levels left

rFire    . . .     SeeInvis .   b - +2 hand axe (flame)
rCold    . . .     Gourm    .   y - +0 buckler
rNeg     . . .     Faith    +   l - +7 chain mail "Vusseal" {Regen+ rCorr}
rPois    .         Spirit   .   (helmet restricted)
rElec    .         Reflect  .   (no cloak)
rCorr    +         Harm     .   j - +0 pair of gloves
MR       ++...     NoTele   +   h - +1 pair of boots
Stlth    ..........             D - amulet of faith
HPRegen  1.68/turn              (no ring)
MPRegen  0.12/turn              (no ring)

@: regenerating
A: retaliatory headbutt, horns 2
a: Berserk, Trog's Hand, Brothers in Arms, Renounce Religion


You were in a Gauntlet.
You worshipped Trog.
Trog was extremely pleased with you.
You were very hungry.

You visited 2 branches of the dungeon, and saw 13 of its levels.
You also visited: Ossuary and Gauntlet.

You collected 749 gold pieces.

Inventory:

Hand Weapons
 a - a +1 war axe
 b - a +2 hand axe of flaming (weapon)
Missiles
 n - 15 javelins (quivered)
 v - 50 poisoned darts
Armour
 h - a +1 pair of boots (worn)
 j - a +0 pair of gloves (worn)
 l - the +7 chain mail "Vusseal" (worn) {Regen+ rCorr}
   (You found it on level 5 of the Dungeon)

   It increases your rate of regeneration.
   It provides partial protection from all sources of acid and corrosion.
 y - a +0 buckler (worn)
Jewellery
 D - an amulet of faith (around neck)
 F - an uncursed amulet of the acrobat
Wands
 s - a wand of acid (13)
 w - a wand of iceblast (7)
 x - a wand of enslavement (8)
Scrolls
 d - a scroll of remove curse
 e - a scroll of fog
 f - a scroll of blinking
 p - 5 scrolls of identify
 r - 2 scrolls of enchant armour
 u - a scroll of magic mapping
Potions
 g - 2 potions of mutation
 i - 2 potions of cancellation
 k - 4 potions of haste
 m - 5 potions of heal wounds
 o - 3 potions of invisibility
 q - a potion of lignification
 t - 3 potions of curing
 A - 2 potions of stabbing
 B - 2 potions of resistance
Comestibles
 c - 20 rations


   Skills:
 * Level 15.4 Fighting
 + Level 11.6 Axes
 + Level 11.3 Armour
 - Level 2.1 Dodging
 + Level 5.7 Shields
 - Level 0.1 Evocations


You had 10 spell levels left.
You didn't know any spells.
Your spell library was empty.

Dungeon Overview and Level Annotations

Branches:
Dungeon (11/15)            Temple (0/1) D:7            Lair (2/6) D:10
Ossuary (visited)         Gauntlet (1/1)
  Swamp: Lair:2-4    Shoals: Lair:2-4     Snake: Lair:2-4    Spider: Lair:2-4
    Orc: D:9-12

Altars:
Cheibriados
Dithmenos
Elyvilon
Makhleb
Okawaru
Qazlal
Ru
Sif Muna
Uskayaw
Wu Jian
Xom
Yredelemnul
Zin
The Shining One

Annotations:
Gauntlet 13 transporters


Innate Abilities, Weirdness & Mutations

You reflexively headbutt those who attack you in melee.
You have a pair of horns on your head.


Message History

You slash the fire crab!
You headbutt the fire crab, but do no damage.
The fire crab is severely wounded.
You are engulfed in blazing flames.
You hit the fire crab.
The fire crab is severely wounded.
You are engulfed in blazing flames.
* * * LOW HITPOINT WARNING * * *
The fire crab breathes flames at you.
The blast of flame engulfs you but does no damage.
The eye of devastation pulsates ominously.
You hit the fire crab.
The fire crab is severely wounded.
You are engulfed in blazing flames.
* * * LOW HITPOINT WARNING * * *
The fire crab bites you but does no damage.
The fire crab claws you.
* * * LOW HITPOINT WARNING * * *
You are engulfed in flames!
You die...

.≈###≈..#..#|.##..##..≈#
.##≈##..#..#!..##..#..##
........#..#...GGG.#..§#
........#..#########..###
#########..#...........≈#
hhbbb...#..#########...##
.##.##..#..#.##○○○○#.∩.≈#
#..#..#.#..#"?##○○##...##
#.. ..#.#..#..b#@###...≈#
.## ##..#©©#©##t##.#©8.##
#.. ©.#.#..###.#...#...≈#
#..#..#.#..##..##..#...##
.##.##..#..#....##.#.∩.§#
..h.hhb.#..#########...##
#########..#...........≈#
........#..#########..###
........#..#.....ZZ#..≈#


You could see an eye of devastation, a fire crab and 2 golden eyes.

Vanquished Creatures
  A two-headed ogre (D:11)
  A skeletal warrior (D:11)
  An unseen horror (D:10)
  6 spiny frogs
  2 trolls
  Grinder (D:3)
  4 hippogriffs
  A wyvern (D:8)
  2 basilisks (Lair:1)
  A fire bat (Gauntlet)
  10 yaks
  2 hungry ghosts
  4 water moccasins
  5 orc warriors
  4 porcupines
  2 ice beasts (D:8)
  A sky beast (D:8)
  2 black bears
  A necrophage (D:8)
  5 ogres
  4 phantoms
  8 centaurs
  4 wolves (Lair:1)
  5 crocodiles
  3 big kobolds
  6 elf zombies (Ossuary)
  10 bullfrogs
  3 scorpions
  A howler monkey (D:6)
  An electric eel (Lair:1)
  2 crimson imps (D:6)
  A bullfrog zombie (D:7)
  3 quasits
  3 centaur zombies
  3 jellies
  3 centaur skeletons
  5 human zombies (Ossuary)
  8 orc priests
  A gnoll shaman (D:8)
  6 hounds
  A bullfrog skeleton (D:7)
  Terence (D:3)
  2 iguanas
  10 orc wizards
  7 worker ants
  A hound zombie (D:5)
  3 hound skeletons
  3 mummies (Ossuary)
  A howler monkey skeleton (D:4)
  A worker ant zombie (D:10)
  5 gnolls
  13 adders
  A shadow imp (D:6)
  An ooze (D:7)
  An adder zombie (D:6)
  3 adder skeletons
  A worm (D:3)
  6 leopard geckos
  24 orcs
  2 ball pythons
  9 bats
  7 giant cockroaches
  16 goblins
  4 hobgoblins
  17 jackals
  7 quokkas
  6 frilled lizards
  23 kobolds
  A quokka zombie (D:5)
  5 rats
  A fungus (D:10)
319 creatures vanquished.

Vanquished Creatures (others)
  2 fungi (D:10)
  7 toadstools (D:1)
9 creatures vanquished.

Grand Total: 328 creatures vanquished

Notes
Turn   | Place    | Note
-------+----------+-------------------------------------------
     0 | D:1      | nikku the Minotaur Berserker began the quest for the Orb.
     0 | D:1      | Reached XP level 1. HP: 19/19 MP: 0/0
   267 | D:1      | Reached skill level 4 in Fighting
   267 | D:1      | Reached XP level 2. HP: 27/27 MP: 1/1
   618 | D:1      | Reached XP level 3. HP: 34/34 MP: 2/2
  1218 | D:2      | Found a faded altar of an unknown god.
  1371 | D:2      | Reached ** piety under Trog
  1499 | D:2      | Found a burning altar of Makhleb.
  1674 | D:2      | Reached skill level 5 in Fighting
  1674 | D:2      | Reached XP level 4. HP: 38/42 MP: 3/3
  1898 | D:3      | Noticed Terence
  1900 | D:3      | Killed Terence
  2138 | D:3      | Reached XP level 5. HP: 36/48 MP: 4/4
  2286 | D:3      | Noticed Grinder
  2288 | D:3      | Paralysed by Grinder for 4 turns
  2298 | D:3      | Killed Grinder
  2298 | D:3      | Reached skill level 6 in Fighting
  2298 | D:3      | Reached skill level 5 in Axes
  2298 | D:3      | Reached XP level 6. HP: 58/58 MP: 5/5
  2619 | D:3      | Reached skill level 7 in Fighting
  2922 | D:4      | Found a white marble altar of Elyvilon.
  2999 | D:4      | Found a basalt altar of Yredelemnul.
  3049 | D:4      | Found an ornate altar of the Wu Jian Council.
  3124 | D:4      | Found a snail-covered altar of Cheibriados.
  3471 | D:4      | Found a sand-covered staircase.
  3476 | Ossuary  | Entered an ossuary
  3492 | Ossuary  | Reached skill level 5 in Armour
  3492 | Ossuary  | Reached XP level 7. HP: 66/66 MP: 6/6
  3585 | Ossuary  | Reached skill level 8 in Fighting
  3733 | Ossuary  | Reached XP level 8. HP: 75/75 MP: 7/7
  3740 | Ossuary  | Reached *** piety under Trog
  3740 | Ossuary  | Reached skill level 9 in Fighting
  4103 | D:5      | Entered Level 5 of the Dungeon
  4294 | D:5      | Found a shimmering altar of Xom.
  4808 | D:6      | Found a glowing golden altar of the Shining One.
  4813 | D:6      | Reached skill level 10 in Fighting
  5026 | D:6      | Found a sacrificial altar of Ru.
  5029 | D:6      | Found a shimmering blue altar of Sif Muna.
  5032 | D:6      | Found an iron altar of Okawaru.
  5126 | D:6      | Reached **** piety under Trog
  5136 | D:7      | Found a staircase to the Ecumenical Temple.
  5784 | D:7      | Reached XP level 9. HP: 86/86 MP: 8/8
  6141 | D:7      | Found a stormy altar of Qazlal.
  6163 | D:7      | Reached skill level 11 in Fighting
  6567 | D:5      | Got a smoking chain mail
  6578 | D:5      | Identified the +7 chain mail "Vusseal" {Regen+ rCorr} (You
                  | found it on level 5 of the Dungeon)
  6808 | D:8      | Found a glowing silver altar of Zin.
  7298 | D:8      | Reached skill level 12 in Fighting
  7471 | D:8      | Reached XP level 10. HP: 97/99 MP: 9/9
  7830 | D:8      | Found a burning altar of Makhleb.
  8426 | D:9      | Reached ***** piety under Trog
  8434 | D:9      | Reached skill level 13 in Fighting
  8669 | D:9      | Found a hide-covered altar of Uskayaw.
  8681 | D:9      | Reached skill level 10 in Axes
  8889 | D:10     | Entered Level 10 of the Dungeon
  9050 | D:10     | Reached skill level 10 in Armour
  9060 | D:10     | Reached skill level 1 in Shields
  9310 | D:10     | Reached skill level 14 in Fighting
  9316 | D:10     | Reached XP level 11. HP: 94/110 MP: 10/10
  9469 | D:10     | Killed an unseen horror
  9775 | D:10     | Found a staircase to the Lair.
  9993 | D:11     | Noticed a two-headed ogre
 10001 | D:11     | Killed a two-headed ogre
 10071 | D:11     | Found a shadowy altar of Dithmenos.
 10181 | D:11     | Noticed a skeletal warrior
 10181 | D:11     | Noticed a skeletal warrior
 10181 | D:11     | Noticed a skeletal warrior
 10206 | D:11     | Killed a skeletal warrior
 10241 | Lair:1   | Entered Level 1 of the Lair of Beasts
 10255 | Lair:1   | Received a gift from Trog
 10380 | Lair:1   | Reached skill level 15 in Fighting
 10476 | Lair:1   | Reached skill level 5 in Shields
 11354 | Lair:2   | Found a gate leading to a gauntlet.
 11373 | Gauntlet | Entered a Gauntlet
 11373 | Gauntlet | Found a transporter.
 11373 | Gauntlet | Found a transporter.
 11373 | Gauntlet | Noticed a fire crab
 11434 | Gauntlet | Found a transporter.
 11454 | Gauntlet | Found a transporter.
 11463 | Gauntlet | Noticed a hell hog
 11464 | Gauntlet | Found a transporter.
 11464 | Gauntlet | Found a transporter.
 11464 | Gauntlet | Found a transporter.
 11466 | Gauntlet | Found a transporter.
 11466 | Gauntlet | Found a transporter.
 11477 | Gauntlet | Found a transporter.
 11477 | Gauntlet | Noticed a blizzard demon
 11493 | Gauntlet | Found a transporter.
 11496 | Gauntlet | Noticed a reaper
 11503 | Gauntlet | Found a transporter.
 11505 | Gauntlet | Noticed a sixfirhy
 11520 | Gauntlet | Found a transporter.
 11524 | Gauntlet | Noticed a sixfirhy
 11537 | Gauntlet | Found a transporter.
 11599 | Gauntlet | Slain by a fire crab

Illustrated notes

Levels and vault maps discovered:
D:1:      nagdon_arrival_double_spiral, layout_loops_ring
D:2:      layout_basic, chequers_ecumenical_altar_simple, bloody_makhleb
D:3:      layout_loops_ring, minmay_ogre_servants, uniq_grinder, uniq_terence
D:4:      layout_loops_ring, kennysheep_ying_yang, lemuel_crystal_altar,
          lemuel_doored_altar, first_ration,
          nicolae_ossuary_entry_false_entrances
D:5:      layout_cave_pools, lemuel_round_altar
D:6:      layout_basic, grunt_temple_overflow_diamond, old_standard_altar
D:7:      layout_basic, nicolae_qazlal_eye_of_the_storm,
          minmay_temple_entry_proselytizer, grunt_ogre_cave,
          serial_bayou_crossing
D:8:      layout_layer_cave, nicolae_overflow_hidden_temple, kennysheep_mini
D:9:      layout_basic, basic_altar
D:10:     layout_long_grid, grunt_lair_entry_orc_guard_hut
D:11:     layout_rooms, nicolae_dithmenos_the_darkroom
Lair:1:   layout_gridlike
Lair:2:   layout_roguey, gauntlet_entry_generic
Gauntlet: gammafunk_gauntlet_mixed_choke_point
          [minmay_gauntlet_arena_77_block_sizes, minmay_gauntlet_arena_77_fan,
          minmay_gauntlet_arena_77_two_lines, nicolae_gauntlet_arena_quarters,
          minmay_gauntlet_arena_77_tiled_triplets,
          minmay_gauntlet_arena_77_hold_the_fort,
          minmay_gauntlet_arena_77_squiggly,
          nicolae_gauntlet_exit_dead_adventurers]

Skill      XL: |  1  2  3  4  5  6  7  8  9 10 11 |
---------------+----------------------------------+-----
Fighting       | 4 5 6 7 8 10 12 14 15 | 15.4
Axes           | 4 5 6 7 9 10 11 | 11.6
Armour         | 3 4 5 6 7 9 10 11 | 11.3
Shields        | 2 5 |  5.7
Dodging        | |  2.1
Evocations     | |  0.1

Action                   |  1- 3 |  4- 6 |  7- 9 | 10-12 || total
-------------------------+-------+-------+-------+-------++-------
Melee: Hand axe          |    76 |    57 |       |   230 ||   363
       Headbutt          |     9 |    10 |    46 |    83 ||   148
       War axe           |       |    22 |   273 |   155 ||   450
Invok: Berserk           |     1 |     4 |     6 |     5 ||    16
       Trog's Hand       |       |     3 |     6 |    11 ||    20
  Use: Scroll            |     7 |     1 |    12 |     6 ||    26
       Potion            |       |       |     2 |       ||     2
 Stab: Sleeping          |     1 |       |       |       ||     1
  Eat: Chunk             |     3 |     9 |    11 |    14 ||    37
       Ration            |       |       |     3 |     4 ||     7
Armor: Animal skin       |    33 |    17 |    48 |       ||    98
       Chain mail        |       |       |    55 |   235 ||   290
Dodge: Dodged            |    50 |    50 |   159 |   172 ||   431
Block: Buckler           |       |       |       |    36 ||    36
